Unix NetHack Version 5.0.0-0 post-release - last build May  4 2026 22:22:43 (774f63e81ad911689b3a0859ea89b322d5daca8d,branch:main).

Game began 2026-05-07 05:19:09, ended 2026-05-07 05:30:21.

BeardyHaddock, neutral male gnomish Archeologist

            ###     *
            #..                              $               ------
            #..      *                                       |....|
         ####.$.             $                         #### #.(...|
       $ #......#          #                  --------- ##[##|`...|
         #(......##############               |........## #  |..>.|
         #.{....##           #                |.....{.|   ###|....|
         ####...###          #               #|..<....|     #.....|
            #{...####-----   #            # ##........|      ---|--
            #...#  `#....|   #      ##########---.-----         #
            ##.#    #|.. `###d#######
       $            #|...----#
                    #|......|@
                    #-......|f                              $
                     |.......#                    $    *
        ! o          -----+--          $      $
                                                                $
                   $                  $         $$       $   $

BeardyHaddock the Field Worker  St:13 Dx:7 Co:15 In:19 Wi:12 Ch:9  Neutral
Dlvl:3  $:34 HP:0(22) Pw:14(14) AC:7  Xp:3 T:1073 

Latest messages:
 The little dog misses the wood nymph.
 The little dog misses the wood nymph.
 The beautiful wood nymph seduces you and you take off your hat.
 She stole an uncursed +0 fedora.
 The wood nymph vanishes!
 The wood nymph stole an emerald potion.
 Your movements are now unencumbered.
 The wood nymph vanishes and reappears farther away.
 You stop.  Your little dog is in the way!
 The little dog bites the wood nymph.
 The little dog bites the wood nymph.
 The little dog bites the wood nymph.
 The wood nymph smiles at the little dog engagingly.
 The wood nymph smiles at the little dog engagingly.
 The little dog bites the wood nymph.
 The wood nymph is killed!
 You have a little trouble lifting a sky blue potion.  Continue? [ynq] (q) y
 You have a little trouble lifting x - a sky blue potion.
 y - a looking glass.
 Your movements are slowed slightly because of your load.
 The little dog bites the wood nymph.
 The wood nymph pretends to be friendly to the little dog.
 The wood nymph smiles at the little dog engagingly.
 The little dog bites the wood nymph.
 What do you want to drink? [x or ?*] x
 You detect the presence of objects.
 (For instructions type a '?')
 Done.
 Your movements are now unencumbered.
 The little dog bites the wood nymph.
 The wood nymph smiles at the little dog engagingly.
 The wood nymph pretends to be friendly to the little dog.
 The wood nymph stole a lamp.
 The wood nymph vanishes!
 You see here 9 gold pieces.
 $ - 9 gold pieces (34 in total).
 The wood nymph vanishes!
 You stop.  Your little dog is in the way!
 The kitten bites!
 The kitten bites!
 The kitten bites!
 The kitten bites!
 You find a hidden door.
 The kitten bites!
 You die...
 Do you want your possessions identified? [ynq] (y) n
 Do you want to see your attributes? [ynq] (y) n
 Do you want an account of creatures vanquished? [ynaq] (y) n
 Do you want to see your conduct and achievements? [ynq] (y) n
 Do you want to see the dungeon overview? [ynq] (y) n

Inventory:
 Coins    ('$')
  $ - 34 gold pieces
 Weapons  (')')
  m - 7 cursed +0 orcish arrows
  i - a +0 dagger
  o - a cursed +0 dagger
  a - a +3 bullwhip (weapon in right hand)
 Armor    ('[')
  b - an uncursed +0 leather jacket
  t - an uncursed +0 studded leather armor (being worn)
 Comestibles  ('%')
  d - 4 uncursed food rations
  r - an uncursed tripe ration
 Scrolls  ('?')
  v - an uncursed scroll of amnesia
 Spellbooks  ('+')
  w - an uncursed spellbook of healing
 Rings    ('=')
  p - an uncursed +1 ring of protection
  s - an uncursed ring of searching
 Wands    ('/')
  l - a wand of digging (0:4)
 Tools    ('(')
  h - an uncursed sack containing 2 items
  y - an uncursed mirror
  e - a +0 pick-axe (alternate weapon; not wielded)
  f - a tinning kit (0:68)
 Gems/Stones  ('*')
  g - an uncursed touchstone

Contents of the sack:
  an uncursed spellbook of healing
  a wand of digging (0:7)

BeardyHaddock the Archeologist's attributes:

Background:
 You were a Field Worker, a level 3 male gnomish Archeologist.
 You were neutral, on a mission for Camaxtli
 who was opposed by Quetzalcoatl (lawful) and Huhetotl (chaotic).
 You were right-handed.
 You were in the Dungeons of Doom, on level 3.
 You entered the dungeon 1073 turns ago.
 It was nighttime.
 You had 46 experience points, 34 more were needed to attain level 4.

Basics:
 You had 0 out of 22 hit points.
 You had all 14 energy points (spell power).
 Your armor class was 7.
 Your wallet contained 34 zorkmids.
 Autopickup was off.

Final Characteristics:
 Your strength was 13 (limit:18/50).
 Your dexterity was 7 (limit:18).
 Your constitution was 15 (limit:18).
 Your intelligence was 19 (limit:19).
 Your wisdom was 12 (limit:18).
 Your charisma was 9 (limit:18).

Final Status:
 You weren't hungry.
 You were unencumbered.
 You were wielding a whip.
 You had basic skill with whip.

Final Attributes:
 You were fervently aligned.
 You had automatic searching.
 You had infravision.
 You were warded.
 You are dead.

Miscellaneous:
 You didn't encounter any bones levels.
 Total elapsed playing time was 11 minutes and 10 seconds.

Major events:
 Turn
    1: BeardyHaddock the neutral male gnomish Archeologist entered the dungeon
  642: attained the rank of Field Worker (level 3)
 1073: killed by a kitten

Spells:
 Name                 Level Category     Fail Retention
 healing                1   healing        0%  76%-100%

Skills:
 Fighting Skills
   bare handed combat [Unskilled]
   two weapon combat  [Unskilled]
   riding             [Unskilled]
 Weapon Skills
   dagger             [Unskilled]
   knife              [Unskilled]
   pick-axe           [Basic]
   short sword        [Unskilled]
   saber              [Unskilled]
   club               [Unskilled]
   quarterstaff       [Unskilled]
   sling              [Unskilled]
   dart               [Unskilled]
   boomerang          [Unskilled]
   whip               [Basic]
   unicorn horn       [Unskilled]
 Spellcasting Skills
   attack spells      [Unskilled]
   healing spells     [Unskilled]
   divination spells  [Unskilled]
   matter spells      [Unskilled]

Voluntary challenges:
 Character rerolling was not enabled.
 You never genocided any monsters.
 You never polymorphed an object.
 You used no wishes.
Achievement:
 You attained the rank of Field Worker.

 The Dungeons of Doom: levels 1 to 3
    Level 1:
       A sink.
    Level 2:
       An altar, some fountains.
    Level 3: <- You were here.
       Many fountains, many trees.
       Final resting place for
          you, killed by a kitten.


Vanquished creatures:
  a wood nymph
  a little dog
  a wererat
 an iguana
  2 acid blobs
  a hobbit
  a gnome zombie
  a jackal
  4 goblins
  2 sewer rats
  a grid bug
  5 lichens
  2 newts
23 creatures vanquished.

No species were genocided or became extinct.

Game over:
                       ----------
                      /          \
                     /    REST    \
                    /      IN      \
                   /     PEACE      \
                  /                  \
                  |  BeardyHaddock   |
                  |      34 Au       |
                  |   killed by a    |
                  |      kitten      |
                  |                  |
                  |                  |
                  |       2026       |
                 *|     *  *  *      | *
        _________)/\\_//(\/(/\)/\//\/|_)_______

Goodbye BeardyHaddock the Archeologist...

You died in The Dungeons of Doom on dungeon level 3 with 335 points,
and 34 pieces of gold, after 1073 moves.
You were level 3 with a maximum of 22 hit points when you died.

